 Dungeon Sprint DCSS version 0.32-a0-42-ga30500b4d3 (webtiles) character file.

Game seed: 3045467499724133757

29577 rocky1 the Severer (level 13, -2/137 HPs)
             Began as a Minotaur Alchemist on Jan 29, 2024.
             Was an Initiate of Gozag.
             Slain by a vault guard
             ... wielding a +3 long sword
              (6 damage)
             ... in the Dungeon (Sprint VII: "The Pits").
             The game lasted 00:23:51 (5845 turns).

rocky1 the Severer (Minotaur Alchemist)             Turns: 5845, Time: 00:23:51

Health: -2/137     AC: 17    Str: 20    XL:     13   Next: 15%
Magic:  19/24      EV: 19    Int: 14    God:    Gozag
Gold:   1175       SH:  0    Dex: 15    Spells: 17/29 levels left

rFire   + + .        d - +7 battleaxe of Amorality {speed, +Blink rF+ rN+}
rCold   + + .        (shield currently unavailable)
rNeg    + . .        s - +4 scale mail
rPois   +            (helmet restricted)
rElec   +            o - +0 cloak {Stlth+}
rCorr   +            (no gloves)
SInv    .            u - +0 pair of boots "Nukh" {rC+ Str+5}
Will    .....        w - amulet of magic regeneration
Stlth   +            p - +3 ring of evasion
HPRegen 0.42/turn    f - +3 ring of dexterity
MPRegen 0.59/turn

%: no teleportation
@: mighty, resistant, gold aura, glowing
A: horns 2, retaliatory headbutt
a: Renounce Religion, Evoke Blink, Potion Petition, Call Merchant, Bribe Branch


You were in the Dungeon.
You worshipped Gozag.
Gozag was most pleased with you.
You visited 1 branch You collected 9009 gold pieces.
You spent 791 gold pieces at shops.
You paid 7043 gold pieces to Gozag.

Inventory:

Hand Weapons
 a - a +1 broad axe of freezing
 d - the +7 battleaxe of Amorality (weapon) {speed, +Blink rF+ rN+}
   (You found it in the Dungeon)

   rF+:       It protects you from fire.
   rN+:       It protects you from negative energy.
   +Blink:    It lets you blink.
 h - a +1 broad axe of electrocution
 J - a +3 battleaxe
Missiles
 t - 3 curare-tipped darts
 v - 6 javelins
 F - 2 boomerangs
Armour
 n - an orb of light
 o - a +0 cloak of stealth (worn)
 s - a +4 scale mail (worn)
 u - the +0 pair of boots "Nukh" (worn) {rC+ Str+5}
   (You bought it in a shop in the Dungeon)

   Str+5:     It affects your strength (+5).
   rC+:       It protects you from cold.
 H - a +2 plate armour of willpower
Jewellery
 f - a +3 ring of dexterity (right hand)
 p - a +3 ring of evasion (left hand)
 w - an amulet of magic regeneration (around neck)
 B - a ring of willpower
 E - a ring of poison resistance
Wands
 D - a wand of flame (19)
Scrolls
 g - 3 scrolls of blinking
 i - 2 scrolls of vulnerability
 j - 5 scrolls of amnesia
 k - a scroll of butterflies
 x - 2 scrolls of fog
 y - 6 scrolls of enchant armour
 A - a scroll of fear
 C - a scroll of identify
Potions
 b - 5 potions of magic
 c - a potion of curing
 e - 3 potions of haste
 q - a potion of might
 r - 2 potions of berserk rage
 z - a potion of brilliance


   Skills:
 + Level 19.0 Fighting
 + Level 20.4 Axes
 + Level 15.1 Armour
 + Level 13.3 Dodging
 - Level 1.5 Stealth
 + Level 8.9 Spellcasting
 + Level 8.6 Conjurations
 + Level 10.1 Alchemy
 * Level 1.5 Evocations


You had 17 spell levels left.
You knew the following spells:

 Your Spells              Type           Power      Damage    Failure   Level
a - Sting                 Conj/Alch      100%       1d9       1%          1
b - Olgreb's Toxic Radia  Alch           34%        N/A       3%          4
c - Sticky Flame          Fire/Alch      20%        2d6       30%         4
d - Mephitic Cloud        Conj/Alch/Air  23%        N/A       5%          3

Your spell library contained the following spells:

 Spells                   Type           Power      Damage    Failure   Level
 Searing Ray              Conj           60%        2d6       1%          2
 Mercury Vapours          Alch/Air       40%        N/A       4%          2
 Hailstorm                Conj/Ice       18%        3d7       12%         3
 Fireball                 Conj/Fire      9%         3d6       75%         5
 Starburst                Conj/Fire      9%         6d5       99%         6


Dungeon Overview and Level Annotations

Branches:
Dungeon (1/1)

Altars:
Ashenzari
Cheibriados
Dithmenos
Elyvilon
Fedhas
Gozag
Hepliaklqana
Kikubaaqudgha
Makhleb
Nemelex Xobeh
Okawaru
Qazlal
Ru
Sif Muna
Trog
Uskayaw
Vehumet
Wu Jian
Xom
Yredelemnul
Zin
The Shining One
Jiyva
Lugonu

Shops:
D [

Annotations:
D Frederick


Innate Abilities, Weirdness & Mutations

You have a pair of horns on your head.
You reflexively headbutt those who attack you in melee.


Message History

You carve the swamp dragon like a ham!!!
The swamp dragon is severely wounded.
You slice the deep elf knight!!
You kill the deep elf knight!
You slice Frederick!!
The swamp dragon bites you but does no damage.
The swamp dragon completely misses you.
The swamp dragon tramples you but does no damage.
Your Evocations skill increases to level 1!
Unknown command.
You hit the swamp dragon.
The swamp dragon is severely wounded.
You barely miss the vault guard. You slash Frederick!
The vault guard looks as sick as possible!
Unknown command.
You closely miss Frederick. You headbutt Frederick.
Frederick is moderately wounded.
You hit the vault guard. You slash the swamp dragon!
You kill the swamp dragon!
Frederick looks as sick as possible!
Frederick casts a spell.
The bolt of lightning hits you! You resist.
* * * LOW HITPOINT WARNING * * *
The fiery plasma hits you! You resist.
* * * LOW HITPOINT WARNING * * *
The vault guard hits you with a +3 long sword!!
* * * LOW HITPOINT WARNING * * *
Your Fighting skill increases to level 19!
Okay, then. [a] - 378 gold - haste and brilliance [b] - 105 gold - heal wounds [c] - 260 gold - heal wounds and magic Purchase which effect?
You feel much better.
Your toxic aura wanes.
Frederick hits you with a +4 demon blade!!
* * * LOW HITPOINT WARNING * * *
The vault guard hits you with a +3 long sword.
You die...
Your body crumbles into a pile of gold.

##########################+#
....[).)...)...............#
......[).......).........).#
#########''##############..#
..'))#........# ..+ #..#
..#))#........# ...# #..#
..#######..#######...####..#
....)#........#..p......#..#
....)).)........@@......#..#
....)#........#..$......#..#
#'##.####..####.##+###+##..#
#))#.# #### #.# #..# #.)#.+
+.# #..# ###### ### #++#
####### #.....# ##....#


You could see Frederick (extremely poisoned) and a vault guard (extremely
poisoned).

Vanquished Creatures
  An emperor scorpion (D)
  2 orc warlords (D)
  A minotaur (D)
  A black draconian (D)
  Snorg (D)
  3 vault guards (D)
  An ogre mage (D)
  A boulder beetle (D)
  Erica (D)
  A hell beast (D)
  An anaconda (D)
  3 death knights (D)
  A death yak (D)
  2 naga warriors (D)
  A dancing weapon (D)
  An occultist (D)
  2 deep elf knights (D)
  Sonja (D)
  A deep troll (D)
  A flayed ghost (D)
  A swamp dragon (D)
  2 lindwurms (D)
  A deep elf zephyrmancer (D)
  2 cyclopes (D)
  9 orc knights (D)
  An orc sorcerer (D)
  A guardian serpent (D)
  A cane toad (D)
  2 komodo dragons (D)
  2 ice devils (D)
  3 kobold demonologists (D)
  A rime drake (D)
  2 freezing wraiths (D)
  A guardian mummy (D)
  A polar bear (D)
  2 hornets (D)
  A tarantella (D)
  Prince Ribbit (D)
  A shadow (D)
  A wyvern (D)
  A vampire (D)
  2 spriggans (D)
  Eustachio (D)
  A fire bat (D)
  2 basilisks (D)
  An ice beast (D)
  A laughing skull (D)
  A crocodile (D)
  An ogre (D)
  A phantom (D)
  A weeping skull (D)
  2 kobold brigands (D)
  A gnoll sergeant (D)
  A brain worm (D)
  An earth elemental (D)
  A scorpion (D)
  An orc priest (D)
  An iguana (D)
  2 orc wizards (D)
  2 hell rats (D)
  A mummy (D)
  6 gnolls (D)
  An adder (D)
  A white imp (D)
  A dart slug (D)
  5 orcs (D)
  A bat zombie (D)
  A giant cockroach (D)
  A hobgoblin (D)
  2 jackals (D)
  A quokka (D)
  A bat (D)
  3 frilled lizards (D)
  2 goblins (D)
  2 kobolds (D)
  A quokka skeleton (D)
  A quokka zombie (D)
  3 rats (D)
122 creatures vanquished.

Notes
Turn   | Place    | Note
-------+----------+-------------------------------------------
     0 | D        | rocky1 the Minotaur Alchemist began the quest for the Orb.
     0 | D        | Reached XP level 1. HP: 14/14 MP: 1/1
    89 | D        | Found a bloodstained altar of Trog.
    89 | D        | Found a shimmering blue altar of Sif Muna.
    89 | D        | Found a viscous altar of Jiyva.
    89 | D        | Found a hazy altar of Hepliaklqana.
    89 | D        | Found an opulent altar of Gozag.
    90 | D        | Found a glowing golden altar of the Shining One.
    90 | D        | Found a glowing silver altar of Zin.
    90 | D        | Found a basalt altar of Yredelemnul.
    90 | D        | Found a shimmering altar of Xom.
    90 | D        | Found an ornate altar of the Wu Jian Council.
    90 | D        | Found a sacrificial altar of Ru.
    90 | D        | Found a stormy altar of Qazlal.
    90 | D        | Found an iron altar of Okawaru.
    90 | D        | Found a sparkling altar of Nemelex Xobeh.
    90 | D        | Found a burning altar of Makhleb.
    90 | D        | Found a blossoming altar of Fedhas.
    90 | D        | Found a white marble altar of Elyvilon.
    90 | D        | Found a shadowy altar of Dithmenos.
    90 | D        | Found a snail-covered altar of Cheibriados.
    94 | D        | Found a corrupted altar of Lugonu.
    94 | D        | Found a radiant altar of Vehumet.
    95 | D        | Found a broken altar of Ashenzari.
    95 | D        | Found an ancient bone altar of Kikubaaqudgha.
    95 | D        | Found a hide-covered altar of Uskayaw.
   107 | D        | Became a worshipper of Gozag Ym Sagoz the Greedy
   130 | D        | Noticed a scorpion
   132 | D        | Killed a scorpion
   133 | D        | Reached skill level 2 in Axes
   133 | D        | Reached XP level 2. HP: 26/26 MP: 2/4
   133 | D        | Reached XP level 3. HP: 31/31 MP: 2/5
   165 | D        | Reached skill level 3 in Axes
   190 | D        | Reached XP level 4. HP: 17/38 MP: 6/6
   290 | D        | Noticed an ice beast
   291 | D        | Noticed a gnoll sergeant
   315 | D        | Killed an ice beast
   316 | D        | Reached skill level 4 in Axes
   316 | D        | Reached XP level 5. HP: 47/47 MP: 6/8
   321 | D        | Reached skill level 5 in Fighting
   321 | D        | Reached skill level 5 in Axes
   321 | D        | Reached skill level 5 in Armour
   321 | D        | Reached skill level 5 in Dodging
   324 | D        | Reached XP level 6. HP: 56/56 MP: 6/10
   511 | D        | Noticed Prince Ribbit
   535 | D        | Killed Prince Ribbit
   536 | D        | Reached skill level 6 in Axes
   615 | D        | Noticed a fire bat
   623 | D        | Killed a fire bat
   624 | D        | Reached skill level 7 in Axes
   624 | D        | Reached skill level 5 in Alchemy
   624 | D        | Reached XP level 7. HP: 47/66 MP: 12/12
  1314 | D        | Noticed a boulder beetle
  1314 | D        | Noticed a cyclops
  1335 | D        | Killed a cyclops
  1336 | D        | Reached skill level 8 in Axes
  1336 | D        | Reached skill level 5 in Spellcasting
  1336 | D        | Reached skill level 5 in Conjurations
  1336 | D        | Reached XP level 8. HP: 10/75 MP: 12/14
  1336 | D        | Killed a boulder beetle
  1337 | D        | Reached skill level 9 in Axes
  1678 | D        | Bought an orb of light for 224 gold pieces
  1678 | D        | Bought a +0 cloak of stealth for 161 gold pieces
  1678 | D        | Bought the +0 pair of boots "Nukh" {rC+ Str+5} for 406 gold
                  | pieces
  1708 | D        | Noticed a flayed ghost
  1718 | D        | Killed a flayed ghost
  1719 | D        | Reached XP level 9. HP: 85/85 MP: 16/16
  1730 | D        | Noticed a deep elf zephyrmancer
  1730 | D        | Noticed an ice devil
  1741 | D        | Killed an ice devil
  1742 | D        | Reached skill level 10 in Fighting
  1742 | D        | Reached skill level 10 in Axes
  1745 | D        | Killed a deep elf zephyrmancer
  1746 | D        | Reached skill level 10 in Armour
  1892 | D        | Noticed an orc sorcerer
  1892 | D        | Noticed a lindwurm
  1898 | D        | Killed an orc sorcerer
  1907 | D        | Killed a lindwurm
  1908 | D        | Reached skill level 10 in Dodging
  1908 | D        | Reached XP level 10. HP: 9/94 MP: 18/18
  2408 | D        | Reached skill level 11 in Axes
  2451 | D        | Learned a level 4 spell: Olgreb's Toxic Radiance
  2460 | D        | Noticed a lindwurm
  2461 | D        | Noticed an occultist
  2461 | D        | Noticed a guardian serpent
  2464 | D        | Noticed a minotaur
  2467 | D        | Killed a guardian serpent
  2468 | D        | Noticed a deep troll
  2470 | D        | Killed a lindwurm
  2472 | D        | Killed an occultist
  2473 | D        | Reached skill level 12 in Axes
  2482 | D        | HP: 3/99 [deep troll (14)]
  2486 | D        | Killed a deep troll
  2489 | D        | Killed a minotaur
  2490 | D        | Reached XP level 11. HP: 27/105 MP: 16/21
  2924 | D        | Learned a level 4 spell: Sticky Flame
  2928 | D        | Learned a level 3 spell: Mephitic Cloud
  3198 | D        | Reached skill level 13 in Axes
  3308 | D        | Noticed Erica
  3326 | D        | Killed Erica
  3590 | D        | Got the +5 hand axe of Hoinoti {venom, Str+2 Dex+4}
  3671 | D        | Noticed Eustachio
  3681 | D        | Killed Eustachio
  3794 | D        | Noticed Sonja
  3794 | D        | Noticed a death knight
  3805 | D        | Killed a death knight
  3806 | D        | Killed Sonja
  3807 | D        | Reached skill level 14 in Axes
  4127 | D        | Noticed a death yak
  4128 | D        | Noticed a death knight
  4138 | D        | Killed a death yak
  4140 | D        | HP: 5/110 [??? (2)]
  4152 | D        | Killed a death knight
  4153 | D        | Reached skill level 15 in Axes
  4199 | D        | Noticed a spriggan rider
  4205 | D        | HP: 3/111 [spriggan rider/+0 spear (11)]
  4806 | D        | Noticed an anaconda
  4806 | D        | Noticed a death knight
  4806 | D        | Noticed a hell beast
  4806 | D        | Noticed a spriggan rider
  4806 | D        | Noticed Snorg
  4806 | D        | Noticed an ogre mage
  4813 | D        | Killed an anaconda
  4814 | D        | Reached skill level 16 in Axes
  4814 | D        | Reached XP level 12. HP: 118/118 MP: 20/23
  4818 | D        | Killed a hell beast
  4819 | D        | Reached skill level 15 in Fighting
  4824 | D        | Killed an ogre mage
  4826 | D        | Killed Snorg
  4831 | D        | Killed a death knight
  4832 | D        | Reached skill level 17 in Axes
  4843 | D        | Got the Volume of the Impact
  5107 | D        | Noticed an emperor scorpion
  5107 | D        | Noticed an orc warlord
  5108 | D        | Noticed an orc warlord
  5137 | D        | Killed an emperor scorpion
  5137 | D        | Killed an orc warlord
  5149 | D        | Reached skill level 18 in Axes
  5166 | D        | Killed an orc warlord
  5514 | D        | Noticed a vault guard
  5518 | D        | Noticed a naga warrior
  5528 | D        | Noticed a naga warrior
  5531 | D        | Noticed a vault guard
  5533 | D        | Noticed a black draconian
  5534 | D        | Killed a vault guard
  5535 | D        | Noticed a vault guard
  5539 | D        | Reached skill level 19 in Axes
  5543 | D        | Killed a naga warrior
  5548 | D        | Killed a naga warrior
  5549 | D        | Killed a vault guard
  5550 | D        | Reached skill level 15 in Armour
  5550 | D        | Reached skill level 10 in Alchemy
  5552 | D        | Killed a vault guard
  5553 | D        | Reached XP level 13. HP: 13/135 MP: 24/24
  5556 | D        | HP: 2/202 [black draconian/+2 dire flail of protection
                  | (10)]
  5560 | D        | Killed a black draconian
  5561 | D        | Reached skill level 20 in Axes
  5810 | D        | Got the +7 battleaxe of Amorality {speed, +Blink rF+ rN+}
  5836 | D        | Identified the orb of Autumn {light, *Corrode rN+ Dex+2
                  | Slay+5}
  5836 | D        | Noticed Frederick
  5843 | D        | Reached skill level 1 in Evocations
  5845 | D        | HP: 4/137 [Frederick/+4 demon blade (26)]
  5845 | D        | Slain by a vault guard

Illustrated notes

Levels and vault maps discovered:
D:        pitsprint [storerooms_1, entrance_room_1, metal_vault_6, armoury_2,
          mini_pit_1, grid_room_1, main_hall_1, silver_pit, the_coven_1,
          the_vestibule_1, steel_vault_5, golden_pit, hallway_of_sentries,
          crystal_vault_5, iron_vault_2, final_vault]

Skill      XL: |  1  2  3  4  5  6  7  8  9 10 11 12 13 |
---------------+----------------------------------------+-----
Fighting       | 3 4 5 7 8 9 10 12 14 18 19 | 19.0
Axes           | 2 3 4 5 7 8 9 10 12 16 19 20 | 20.4
Armour         | 3 4 5 6 8 9 10 12 13 15 | 15.1
Dodging        | 3 4 5 6 7 9 10 11 12 13 | 13.3
Spellcasting   | 2 3 4 5 6 7 8 |  8.9
Conjurations   | 2 3 4 5 6 8 |  8.6
Alchemy        | 3 4 5 6 7 8 9 10 | 10.1
Evocations     | 1 |  1.5
Stealth        | |  1.5

Action                     |  1- 3 |  4- 6 |  7- 9 | 10-12 | 13-15 || total
---------------------------+-------+-------+-------+-------+-------++-------
  Melee: Unarmed           |     9 |       |       |       |       ||     9
         Hand axe          |    10 |    49 |    35 |       |       ||    94
         Headbutt          |     1 |     3 |    19 |    57 |     5 ||    85
         Broad axe         |       |       |    32 |   205 |       ||   237
         Battleaxe         |       |       |       |    21 |    24 ||    45
   Cast: Sting             |     2 |       |       |       |       ||     2
         Olgreb's Toxic Ra |       |       |       |    11 |     2 ||    13
 Invoke: Call Merchant     |       |       |     1 |       |       ||     1
         Potion Petition   |       |       |       |    10 |     4 ||    14
    Use: Potion            |     1 |     5 |     3 |    21 |     2 ||    32
         Scroll            |       |       |       |     1 |       ||     1
   Stab: Invisible         |       |     3 |       |    16 |       ||    19
         Distracted        |       |     1 |       |       |       ||     1
 Armour: Robe              |    10 |     1 |       |       |       ||    11
         Scale mail        |       |    33 |    43 |   151 |    19 ||   246
  Dodge: Dodged            |    14 |    30 |    29 |   183 |     5 ||   261

Table legend: (Time is in decaauts)
 A = Elapsed time spent in this place.
 B = Non-inter-level travel time spent in this place.
 C = Inter-level travel time spent in this place.
 D = Time resting spent in this place.
 E = Time spent auto-exploring this place.
 F = Levels seen in this place.
 G = Mean time per level.
                   A        B        C        D        E       F      G
               +--------+--------+--------+--------+--------+-----+--------+
         Total |   5806 |   5748 |     58 |   4012 |      0 |   1 | 5806.0 |
       Dungeon |   5806 |   5748 |     58 |   4012 |      0 |   1 | 5806.0 |
               +--------+--------+--------+--------+--------+-----+--------+

Top non-repeatable levels by time:
       D: 5806 daAuts
